 Dungeon Sprint DCSS version 0.22-a0-425-g89d60a1 (webtiles) character file.

1013 raistware the Basher (level 8, -6/98 HPs)
             Began as an Ogre Gladiator on May 24, 2018.
             Was an Elder of the Shining One.
             Mangled by a four-headed hydra (12 damage)
             ... in the Dungeon (Sprint IX: "|||||||||||||||||||||||||||||").
             The game lasted 00:02:25 (548 turns).

raistware the Basher (Ogre Gladiator)                Turns: 548, Time: 00:02:25

Health: -6/98      AC:  3    Str: 21    XL:     8   Next: 21%
Magic:  6/8        EV: 10    Int: 15    God:    the Shining One [****..]
Gold:   0          SH:  6    Dex: 10    Spells: 7/7 levels left

rFire    . . .     SeeInvis .   p - +2 morningstar (crush)
rCold    . . .     Gourm    .   (no shield)
rNeg     + + .     Faith    .   b - +0 robe
rPois    .         Spirit   .   c - +0 hat
rElec    .         Reflect  .   (no cloak)
rCorr    .         Harm     .   (gloves unavailable)
MR       .....     NoTele   +   (boots unavailable)
Stlth    +.........             (no amulet)
HPRegen  0.26/turn              q - +3 ring of intelligence
MPRegen  0.11/turn              r - +3 ring of intelligence

@: divine shield, hasted, glowing, very quick
A: large, unfitting armour, tough skin 1
a: Divine Shield, Cleansing Flame, Renounce Religion


You were in the Dungeon.
You worshipped the Shining One.
The Shining One was greatly pleased with you.
You were not hungry.

You visited 1 branch

Inventory:

Hand Weapons
 j - a cursed -3 giant club
 p - a +2 morningstar of crushing (weapon)
Missiles
 d - 3 throwing nets (quivered)
Armour
 b - a +0 robe (worn)
 c - a +0 hat (worn)
Jewellery
 q - a +3 ring of intelligence (left hand)
 r - a +3 ring of intelligence (right hand)
Wands
 o - a wand of acid (7)
Scrolls
 k - 2 scrolls of blinking
 m - 3 scrolls of remove curse
 n - 2 scrolls of amnesia
Potions
 e - 5 potions of curing
 g - a potion of heal wounds
 i - 4 potions of magic
Comestibles
 f - a ration


   Skills:
 + Level 12.2 Fighting
 * Level 13.3 Maces & Flails
 - Level 2.0 Throwing
 - Level 2.6 Dodging


You had 7 spell levels left.
You didn't know any spells.
Your spell library was empty.

Dungeon Overview and Level Annotations

Branches:
Dungeon (1/1)

Altars:
Cheibriados
Dithmenos
Elyvilon
Fedhas
Gozag
Hepliaklqana
Kikubaaqudgha
Makhleb
Nemelex Xobeh
Okawaru
Qazlal
Ru
Sif Muna
Trog
Uskayaw
Vehumet
Wu Jian
Xom
Yredelemnul
Zin
The Shining One
Beogh
Jiyva
Lugonu


Innate Abilities, Weirdness & Mutations

You are too large for most types of armour.
You have tough skin. (AC +1)


Message History

The two-headed ogre is moderately wounded.
The four-headed hydra bites you. x2; The four-headed hydra bites you!
* * * LOW HITPOINT WARNING * * *
The four-headed hydra bites you!
* * * LOW HITPOINT WARNING * * *
Evoke which item? (* to show all) (? for menu, Esc to quit)
Aiming: Corrosive Bolt
Press: ? - help, Shift-Dir - straight line, f/p - four-headed hydra
Aim: a four-headed hydra (heavily wounded, covered in acid, haloed)
The bolt of acid hits the four-headed hydra.
The four-headed hydra is splashed with acid.
The acid corrodes the four-headed hydra!
The four-headed hydra is severely wounded.
The bolt of acid hits the two-headed ogre.
The two-headed ogre is splashed with acid.
The acid corrodes the two-headed ogre!
The two-headed ogre is severely wounded.
The four-headed hydra barely misses you.
The four-headed hydra misses you. The four-headed hydra bites you!
You die... ▓▓▓▓▓▓▓▓▓▓▓▓▓▓▓▓▓▓▓▓▓▓▓▓ ...coOD@.....').[[[)|.!' ▓▓▓▓▓▓▓▓▓▓▓▓▓▓▓▓▓▓▓▓▓▓▓▓

You could see a four-headed hydra, a centaur warrior, a two-headed ogre and an orc warrior.

Vanquished Creatures
  A two-headed ogre (D)
  A troll (D)
  A big kobold (D)
  2 hounds (D)
  A worker ant (D)
  An adder zombie (D)
  An adder skeleton (D)
  A worm (D)
  A leopard gecko (D)
  A bat zombie (D)
  2 giant cockroaches (D)
  A goblin (D)
  A frilled lizard (D)
  A quokka zombie (D)
  2 rats (D)
18 creatures vanquished.

Notes
Turn   | Place    | Note
-------+----------+-------------------------------------------
     0 | D        | raistware the Ogre Gladiator began the quest for the Orb.
     0 | D        | Reached XP level 1. HP: 22/22 MP: 1/1
     6 | D        | Reached skill level 3 in Maces & Flails
    15 | D        | Reached skill level 4 in Maces & Flails
    56 | D        | Noticed a worker ant
    59 | D        | Reached XP level 2. HP: 29/29 MP: 2/2
    65 | D        | Reached skill level 5 in Maces & Flails
    68 | D        | Reached skill level 6 in Maces & Flails
    68 | D        | Reached XP level 3. HP: 30/36 MP: 3/3
    97 | D        | Found a roughly hewn altar of Beogh.
    97 | D        | Found a snail-covered altar of Cheibriados.
    97 | D        | Found a shadowy altar of Dithmenos.
    97 | D        | Found a white marble altar of Elyvilon.
    97 | D        | Found a blossoming altar of Fedhas.
    97 | D        | Found an opulent altar of Gozag.
    98 | D        | Found a hazy altar of Hepliaklqana.
    99 | D        | Found a viscous altar of Jiyva.
   100 | D        | Found an ancient bone altar of Kikubaaqudgha.
   101 | D        | Found a corrupted altar of Lugonu.
   102 | D        | Found a burning altar of Makhleb.
   103 | D        | Found a sparkling altar of Nemelex Xobeh.
   104 | D        | Found an iron altar of Okawaru.
   105 | D        | Found a stormy altar of Qazlal.
   106 | D        | Found a sacrificial altar of Ru.
   107 | D        | Found a deep blue altar of Sif Muna.
   108 | D        | Found a bloodstained altar of Trog.
   109 | D        | Found a hide-covered altar of Uskayaw.
   110 | D        | Found a radiant altar of Vehumet.
   111 | D        | Found an ornate altar of the Wu Jian Council.
   112 | D        | Found a shimmering altar of Xom.
   113 | D        | Found a basalt altar of Yredelemnul.
   114 | D        | Found a glowing silver altar of Zin.
   115 | D        | Found a glowing golden altar of the Shining One.
   123 | D        | Became a worshipper of the Shining One
   293 | D        | Noticed a big kobold
   293 | D        | Noticed a two-headed ogre
   293 | D        | Reached * piety under the Shining One
   293 | D        | Noticed a troll
   293 | D        | Reached ** piety under the Shining One
   296 | D        | Reached skill level 7 in Maces & Flails
   296 | D        | Reached XP level 4. HP: 48/48 MP: 4/4
   301 | D        | Killed a troll
   301 | D        | Reached skill level 10 in Maces & Flails
   301 | D        | Reached XP level 5. HP: 33/66 MP: 5/5
   301 | D        | Reached XP level 6. HP: 37/74 MP: 6/6
   305 | D        | Killed a two-headed ogre
   305 | D        | Reached skill level 13 in Maces & Flails
   305 | D        | Reached XP level 7. HP: 47/91 MP: 7/7
   305 | D        | Reached XP level 8. HP: 51/98 MP: 8/8
   537 | D        | Noticed a centaur warrior
   537 | D        | Noticed a two-headed ogre
   537 | D        | Reached *** piety under the Shining One
   537 | D        | Noticed a four-headed hydra
   546 | D        | Reached **** piety under the Shining One
   548 | D        | Mangled by a four-headed hydra

Vault maps used:
D:        linesprint

Skill      XL: |  1  2  3  4  5  6 |
---------------+-------------------+-----
Maces & Flails | 4 6 7 10 13 | 13.3
Fighting       | 4 8 12 | 12.2
Throwing       | |  2.0
Dodging        | |  2.6

Action                   |  1- 3 |  4- 6 |  7- 9 || total
-------------------------+-------+-------+-------++-------
Melee: Flail             |    28 |       |       ||    28
       Morningstar       |     3 |     7 |     8 ||    18
Invok: Divine Shield     |       |       |     1 ||     1
Evoke: Wand              |       |       |     3 ||     3
  Use: Potion            |       |     1 |     3 ||     4
Armor: Robe              |     4 |       |     4 ||     8
Dodge: Dodged            |    14 |     5 |    12 ||    31
Block: Other             |       |       |     1 ||     1

Table legend:
 A = Spawn XP
 B = Non-spawn XP
 C = Spawn XP percentage of total XP
 D = Spawn monster count
 E = Non-spawn monster count
 F = Spawn count percentage of total count
 G = Total turns spent on level
                    A         B        C        D         E        F      G
               +---------+---------+-------+---------+---------+-------+---------
         Total |       0 |    1448 |   0.0 |       0 |      18 |   0.0 |   548
               +---------+---------+-------+---------+---------+-------+---------
             D |       0 |    1448 |   0.0 |       0 |      18 |   0.0 |   548
               +---------+---------+-------+---------+---------+-------+---------
